 Dungeon Crawl Stone Soup version 0.30-a0-187-gd9c2deaf24 (webtiles) character file.

Game seed: 16386408096302988084

5 Flugkiller the Sneak (level 1, -4/18 HPs)
             Began as a Mummy Delver on Oct 3, 2022.
             Slain by a necrophage (6 damage)
             ... on level 3 of the Dungeon.
             The game lasted 00:00:48 (185 turns).

Flugkiller the Sneak (Mummy Delver)                  Turns: 185, Time: 00:00:49

Health: -4/18      AC:  3    Str: 15    XL:     1   Next: 66%
Magic:  1/1        EV: 11    Int:  9    God:
Gold:   15         SH:  0    Dex: 13    Spells: 0/0 levels left

rFire   . . .      SeeInvis .    i - +0 rapier
rCold   + + .      Faith    +    (no shield)
rNeg    + + +      Spirit   .    b - +0 leather armour
rPois   ∞          Reflect  .    (no helmet)
rElec   .          Harm     .    g - scarf {rC+ rF+}
rCorr   .          Rampage  .    (no gloves)
Will    .....                    (no boots)
Stlth   ++........               (no amulet)
HPRegen 0.23/turn                (no ring)
MPRegen 0.07/turn                (no ring)

@: no status effects
A: cold resistance 1, negative energy resistance 3, torment resistance 2, heat
vulnerability 1, no potions, faith
a: no special abilities


You were on level 3 of the Dungeon.
You visited 1 branch of the dungeon, and saw 3 of its levels.

You collected 15 gold pieces.

Inventory:

Hand Weapons
 a - a +0 spear
 i - a +0 rapier (weapon)
   (You found it on level 4 of the Dungeon)
Armour
 b - a +0 leather armour (worn)
 g - a scarf of resistance (worn)
   (You found it on level 5 of the Dungeon)
Wands
 f - a wand of digging (3)
Scrolls
 c - a scroll of fog
 e - a scroll of fear
 r - a scroll of identify


   Skills:
 + Level 3.1 Fighting
 - Level 1.9 Polearms
 - Level 1.5 Dodging
 - Level 4.1 Stealth


You couldn't memorise any spells.
You didn't know any spells.
Your spell library was empty.

Dungeon Overview and Level Annotations

Branches:
Dungeon (5/15) Zot: 17813  Temple (0/1) D:4

Altars:


Innate Abilities, Weirdness & Mutations

You are immune to poison.
Your flesh is cold resistant. (rC+)
You are immune to negative energy. (rN+++)
You are immune to unholy pain and torment.
You are vulnerable to heat. (rF-)
You do not drink.
You have a special connection with the divine. (Faith)


Message History

You completely miss the dart slug.
The dart slug is severely wounded.
You hit the dart slug.
The dart slug is almost dead.
The dart slug launches a dart at you. The slug dart hits you.
You hit the dart slug.
You kill the dart slug!
An endoplasm comes into view.
The endoplasm quivers.
You see here a +0 rapier.
i - a +0 rapier You hit the endoplasm.
The endoplasm is moderately wounded.
The endoplasm barely misses you.
You hit the endoplasm.
The endoplasm is heavily wounded.
The endoplasm barely misses you. The endoplasm hits you.
You hit the endoplasm but do no damage.
The endoplasm is heavily wounded.
The endoplasm barely misses you. The endoplasm hits you.
You are too injured to fight recklessly!
You completely miss the endoplasm.
The endoplasm is heavily wounded.
The endoplasm freezes you.
You are frozen.
You resist.
You are too injured to fight recklessly!
You barely miss the endoplasm.
The endoplasm is heavily wounded.
The endoplasm completely misses you.
You hit the endoplasm.
You kill the endoplasm!
You start resting.
HP restored.
Found a scroll labelled JASUITWE UROCW.
You now have 15 gold pieces.
i - a +0 rapier (weapon)
Unknown command.
Found 6 stones.
Found a club.
h - 2 scrolls labelled JASUITWE UROCW (gained 1)
A necrophage comes into view.
A necrophage is nearby!
No target in view!
As you read the scroll of magic mapping, it crumbles to dust.
You feel aware of your surroundings.
Unknown command.
Found 6 stones.
Found a glowing white potion.
An endoplasm comes into view.
The endoplasm quivers.
You hit the endoplasm.
You kill the endoplasm!
No target in view!
No target in view!
Found a leather armour.
Found 4 poisoned darts.
Found a stone staircase leading up.
The necrophage barely misses you.
The necrophage attacks as you move away!
The necrophage hits you.
The necrophage attacks as you move away!
The necrophage barely misses you.
There is a stone staircase leading up here.
HP restored.
The necrophage hits you!
You climb upwards.
You hear the sound of rushing water.
There is an entrance to a sewer on this level.
Hurry and find it before the portal rusts away!
There is a stone staircase leading down here.
You hit the necrophage.
The necrophage is lightly damaged.
The necrophage hits you.
You are too injured to fight recklessly!
You are too injured to fight recklessly!
You hit the necrophage but do no damage.
The necrophage is lightly damaged.
The necrophage barely misses you.
You can't see any enemies this would affect, really read the scroll of fear?
Okay, then.
Found an escape hatch in the ceiling.
The necrophage attacks as you move away!
The necrophage hits you.
* * * LOW HITPOINT WARNING * * *
The necrophage attacks as you move away!
The necrophage misses you.
As you read the scroll labelled JASUITWE UROCW, it crumbles to dust.
It is a scroll of identify.
You don't have any unidentified items.
r - a scroll of identify The necrophage hits you.
* * * LOW HITPOINT WARNING * * *
Unknown command.
You closely miss the necrophage.
The necrophage is lightly damaged.
The necrophage misses you.
You hit the necrophage.
The necrophage is lightly damaged.
The necrophage hits you.
You die...

#. #. .# .. ..
##. .## .<.
...
#.###.###.#
#.......#.####
#..@#....#
###.n..#.#
#....#.#######
#.#...>......#
#.##########.#
#.. ###


You could see a necrophage.

Vanquished Creatures
  A dart slug (D:4)
  2 endoplasms (D:4)
3 creatures vanquished.

Notes
Turn   | Place    | Note
-------+----------+-------------------------------------------
     0 | D:5      | Flugkiller the Mummy Delver began the quest for the Orb.
     0 | D:5      | Reached XP level 1. HP: 18/18 MP: 1/1
    16 | D:5      | Noticed an iguana
    28 | D:5      | Noticed an iguana
   134 | D:4      | Noticed a necrophage
   185 | D:3      | Slain by a necrophage

Illustrated notes

Levels and vault maps discovered:
D:3:      layout_basic, cheibrodos_sewer_entry_bend
D:4:      layout_rooms, minmay_temple_entry_mist, kennysheep_generic_room_11,
          uniq_sigmund
D:5:      cheibrodos_fertilizer, layout_cave_pools,
          gammafunk_ghost_nasty_kobolds, uniq_grinder, uniq_ijyb,
          uniq_blork_the_orc

Action                   || total
-------------------------++-------
Melee: Spear             ||    14
       Rapier            ||     5
  Use: Scroll            ||     2
Dodge: Dodged            ||    10

Table legend: (Time is in decaauts)
 A = Elapsed time spent in this place.
 B = Non-inter-level travel time spent in this place.
 C = Inter-level travel time spent in this place.
 D = Time resting spent in this place.
 E = Time spent auto-exploring this place.
 F = Levels seen in this place.
 G = Mean time per level.
                   A        B        C        D        E       F      G
               +--------+--------+--------+--------+--------+-----+--------+
         Total |    185 |    185 |      0 |     30 |     34 |   3 |   61.7 |
       Dungeon |    185 |    185 |      0 |     30 |     34 |   3 |   61.7 |
               +--------+--------+--------+--------+--------+-----+--------+

Top non-repeatable levels by time:
     D:4: 138 daAuts
     D:5: 36 daAuts
     D:3: 10 daAuts
